 Dungeon Crawl Stone Soup version 0.28.0 (webtiles) character file.

Game seed: 6311799861034893286

13402 GrayStillPlays the Protected (level 12, -4/81 HPs)
             Began as a Gargoyle Fighter on Feb 17, 2022.
             Was an Initiate of Gozag.
             Slain by Rupert (31 damage)
             ... on level 3 of the Lair of Beasts.
             The game lasted 00:35:03 (15618 turns).

GrayStillPlays the Protected (Gargoyle Fighter)    Turns: 15618, Time: 00:35:04

Health: -4/81      AC: 28    Str: 23    XL:     12   Next: 5%
Magic:  12/12      EV: 13    Int:  9    God:    Gozag
Gold:   1518       SH:  6    Dex:  9    Spells: 11/11 levels left

rFire   + . .      SeeInvis .   m - +8 spear "Duemosh" {vorpal, rF+ Will+++ Int-2 Stlth+, polearm}
rCold   . . .      Faith    .   c - +0 buckler
rNeg    + . .      Spirit   .   x - +4 chain mail {rPois}
rPois   ∞          Reflect  .   I - +0 helmet
rElec   +          Harm     .   (no cloak)
rCorr   .          Rampage  .   G - +0 pair of gloves
Will    +++..                   (no boots)
Stlth   ..........              (no amulet)
HPRegen 0.23/turn               l - +4 ring of evasion
MPRegen 0.13/turn               (no ring)

@: gold aura
A: sickness immunity, AC +8, negative energy resistance 1, electricity
resistance, torment resistance 1, petrification resistance
a: Renounce Religion, Potion Petition, Call Merchant, Bribe Branch


You were on level 3 of the Lair of Beasts.
You worshipped Gozag.
Gozag was most pleased with you.
You visited 3 branches of the dungeon, and saw 14 of its levels.

You collected 1650 gold pieces.
You paid 132 gold pieces to Gozag.


Innate Abilities, Weirdness & Mutations

You are immune to sickness and miasma.
Your stone body is resilient. (AC +8)
You are immune to poison.
You resist negative energy. (rN+)
You are resistant to electric shocks. (rElec)
You are resistant to unholy torment.
You are immune to petrification.


   Skills:
 + Level 12.0 Fighting
 - Level 2.0 Maces & Flails
 + Level 12.0 Armour
 + Level 5.0 Dodging
 - Level 9.9 Shields
 + Level 6.7 Earth Magic


You had 11 spell levels left.
You didn't know any spells.
Your spell library contained the following spells:

 Spells                   Type           Power      Damage    Failure   Level
 Passwall                 Tmut/Erth      5%         N/A       67%         2
 Animate Skeleton         Necr           0%         N/A       94%         1
 Beastly Appendage        Tmut           0%         N/A       94%         1
 Pain                     Necr           0%         1d4       94%         1
 Ensorcelled Hibernation  Hex/Ice        0%         N/A       98%         2
 Wereblood                Tmut           0%         N/A       98%         2
 Frozen Ramparts          Ice            0%         1d2       100%        3
 Ozocubu's Armour         Ice            0%         N/A       100%        3
 Spider Form              Tmut/Pois      0%         N/A       100%        3
 Swiftness                Air            0%         N/A       100%        3
 Vampiric Draining        Necr           0%         2d6       100%        3
 Ice Form                 Ice/Tmut       0%         N/A       100%        4
 Summon Ice Beast         Ice/Summ       0%         N/A       100%        4
 Ozocubu's Refrigeration  Ice            0%         4d5       100%        7
 Chain Lightning          Conj/Air       0%         N/A       100%        9
 Fire Storm               Conj/Fire      0%         5d1       100%        9
 Shatter                  Erth           6%         3d9*      100%        9

Inventory:

Hand Weapons
 a - a +0 flail {mace}
 m - the +8 spear "Duemosh" (weapon) {vorpal, rF+ Will+++ Int-2 Stlth+, polearm}
   (You found it on level 2 of the Dungeon)

   It inflicts extra damage upon your enemies.
   Int:       It affects your intelligence (-2).
   rF:        It protects you from fire.
   Will:      It greatly increases your willpower.
   Stlth:     It makes you more stealthy.
 y - the +5 dagger of Muiduo {venom, Will++, short}
   (You found it on level 4 of the Dungeon)

   It poisons the flesh of those it strikes.
   Will:      It greatly increases your willpower.
 D - a +3 vorpal flail {mace}
   (You took it off Edmund on level 5 of the Dungeon)
 V - the +5 long sword of Bodily Harmony {drain, Fly rElec Str+6 Int-2, long}
   (You found it on level 2 of the Lair of Beasts)

   A truly terrible weapon, it drains the life of any living foe it strikes.
   Str:       It affects your strength (+6).
   Int:       It affects your intelligence (-2).
   rElec:     It insulates you from electricity.
   Fly:       It grants you flight.
Missiles
 f - 29 poisoned darts (quivered) {throwing}
 h - 360 stones {throwing}
 i - 136 arrows
 o - 194 sling bullets
 B - 8 javelins {throwing}
 E - 107 bolts
 P - 2 silver javelins {throwing}
Armour
 c - a +0 buckler (worn)
 x - a +4 chain mail of poison resistance (worn)
   (You took it off Edmund on level 5 of the Dungeon)
 G - a +0 pair of gloves (worn)
   (You found it on level 5 of the Dungeon)
 I - a +0 helmet (worn)
   (You found it on level 6 of the Dungeon)
 R - a +1 hat
   (You found it on level 10 of the Dungeon)
Magical Staves
 n - a staff of cold {!astaff}
   (You found it on level 3 of the Dungeon)
 U - a staff of conjuration {!a@e2staff}
   (You found it on level 2 of the Lair of Beasts)
Jewellery
 l - a +4 ring of evasion (left hand)
   (You found it on level 2 of the Dungeon)
 K - a ring of magical power
   (You found it on level 6 of the Dungeon)
 T - a ring of flight
   (You found it on level 10 of the Dungeon)
 Y - an amulet of magic regeneration {@e2}
   (You found it on level 2 of the Lair of Beasts)
Wands
 b - a wand of charming (29)
   (You found it on level 5 of the Dungeon)
Scrolls
 d - a scroll of enchant armour
 g - 2 scrolls of silence {!r}
 j - a scroll of fear
 k - 2 scrolls of summoning
 s - 2 scrolls of noise {!r}
 t - a scroll of enchant weapon
 u - 2 scrolls of torment {!r}
 w - 3 scrolls of brand weapon
 F - 3 scrolls of magic mapping {!r}
 L - 3 scrolls of immolation {!r!r}
 N - a scroll of vulnerability {!r!r}
 S - a scroll of blinking {!r}
 X - a scroll of identify {@r1}
 Z - 2 scrolls of teleportation {unknown}
Potions
 e - 2 potions of invisibility {unknown}
 p - 2 potions of resistance
 q - a potion of heal wounds {@q2}
 r - 2 potions of mutation {!q}
 v - a potion of attraction {unknown}
 z - 2 potions of cancellation {unknown}
 A - 5 potions of degeneration {unknown}
 C - 4 potions of curing {@q1}
 H - a potion of berserk rage {unknown}
 J - 3 potions of flight {unknown}
 M - 2 potions of haste {unknown}
 O - 4 potions of lignification {unknown}
 Q - a potion of magic {unknown}
 W - a potion of ambrosia {unknown}

Dungeon Overview and Level Annotations

Branches:
Dungeon (10/15)            Temple (1/1) D:7            Lair (3/6) D:8
 Shoals (0/4) Lair:3        Snake (0/4) Lair:3
    Orc: D:9-12

Altars:
Ashenzari
Cheibriados
Dithmenos
Elyvilon
Fedhas
Gozag
Hepliaklqana
Kikubaaqudgha
Makhleb
Nemelex Xobeh
Okawaru
Qazlal
Ru
Sif Muna
Trog
Uskayaw
Vehumet
Wu Jian
Xom
Yredelemnul
Zin
The Shining One

Shops:
D:2 *   D:6 *   D:10 :

Annotations:
Lair:3 Nergalle, Rupert

.>...............## ##..#
........P.........# #.##
........##........# ##..#
#... ##.#l#'### #..## ...
##$y..# ### ##..# +. ###@.#
##.###..+## ### ###.##
#.........#
y...###.$+######.........#
#....!....@@.............#
...#........................#
#..#.y...................##
.y.#.......................#
..#..#......................#
.†.#............##.........P#
† #.+...........#.........##
##P..........##.........P
#####P.###.####.########


You could see Rupert (berserk, very poisoned) and a killer bee.


Message History

The killer bee is no longer distracted by gold.
The killer bee buzzes angrily.
You hear an angry buzzing noise.
You hear a shout!
You block the killer bee's attack. x2
The killer bee stings you but does no damage.
You completely miss the killer bee. You block the killer bee's attack.
The killer bee stings you but does no damage.
The killer bee misses you. The killer bee stings you.
The killer bee stings you but does no damage.
The killer bee barely misses you. 😮 HP[-1]
You take 1 damage, and now have 49/81 hp.
You hit the killer bee.
The killer bee stings you but does no damage.
The killer bee closely misses you. x2; You block the killer bee's attack. 😮 HP[+1]
You puncture the killer bee! You block the killer bee's attack.
The killer bee stings you but does no damage.
The killer bee misses you.
The killer bee stings you but does no damage.
You closely miss the killer bee.
The killer bee stings you but does no damage.
The killer bee misses you. The killer bee barely misses you.
The killer bee closely misses you.
You closely miss the killer bee. The killer bee closely misses you.
You block the killer bee's attack. The killer bee stings you.
The killer bee stings you but does no damage. 😮 HP[-5]
You take 5 damage, and now have 45/81 hp.
You barely miss the killer bee.
The killer bee stings you but does no damage.
You block the killer bee's attack. The killer bee stings you.
The killer bee barely misses you.
The killer bee stings you but does no damage. x2 😮 HP[-1]
You take 1 damage, and now have 44/81 hp.
You barely miss the killer bee. The killer bee closely misses you.
You block the killer bee's attack. The killer bee closely misses you.
You closely miss the killer bee. The killer bee closely misses you. x2
You hit the killer bee.
You kill the killer bee!
Rupert hits you with a +4 vampiric battleaxe.
* * * LOW HITPOINT WARNING * * *
Rupert hits you with a +4 vampiric battleaxe!
* * * LOW HITPOINT WARNING * * *
😨 HP[-19]
You take 19 damage, and now have 25/81 hp.
MASSIVE DAMAGE!! (PAUSE)
The killer bee stings you but does no damage.
Rupert roars madly and goes into a rage!
Rupert goes berserk!
You see here 6 gold pieces. 😨 HP[+1]
As you read the scroll of summoning, it crumbles to dust.
Wisps of shadow whirl around you...
The killer bee stings you but does no damage.
The killer bee barely misses you.
You hear an angry buzzing noise.
You swap places.
You hear an angry buzzing noise. x5
Rupert rages.
Rupert hits your steam dragon with a +4 vampiric battleaxe!!
Your steam dragon dies!
Your steam dragon's corpse dissolves into shadows!
Your black mamba bites the killer bee!
The killer bee closely misses you.
Your water moccasin barely misses the killer bee.
You hear a shout!
Your water moccasin barely misses the killer bee.
The killer bee is distracted by your dazzling golden aura.
Your black mamba closely misses the killer bee.
Rupert hits your black mamba with a +4 vampiric battleaxe!!!
Your black mamba dies!
Your black mamba's corpse dissolves into shadows!
Rupert hits your komodo dragon with a +4 vampiric battleaxe!
The killer bee buzzes angrily.
What are your orders? t - Shout!
Orders for allies: a - Attack new target. r - Retreat! s - Stop attacking. g - Guard the area. f - Follow me.
Anything else - Cancel.
Gang up on whom?
Press: ? - help, Dir - move target, f - Rupert
Aim: Rupert, wielding a +4 vampiric battleaxe and wearing a +0 ring mail (berserk) Attack!
Your komodo dragon completely misses the killer bee.
Your water moccasin bites Rupert.
Rupert is poisoned.
Your water moccasin poisons Rupert! 😨 HP[+1]
A killer bee comes into view.
Your water moccasin bites Rupert.
Rupert hits your water moccasin with a +4 vampiric battleaxe!!!
Your water moccasin dies!
Your water moccasin's corpse dissolves into shadows!
You see here 6 gold pieces.
You hear an angry buzzing noise.
You hear an angry buzzing noise.
Rupert hits you with a +4 vampiric battleaxe!!
You die...
Your body crumbles into a pile of gold.

Skill      XL: |  1  2  3  4  5  6  7  8  9 10 11 12 |
---------------+-------------------------------------+-----
Fighting       | 4 5 6 7 9 10 11 12 | 12.0
Shields        | 4 5 6 7 9 |  9.9
Armour         | 4 5 6 7 9 10 11 12 | 12.0
Dodging        | 3 4 5 |  5.0
Earth Magic    | 3 6 |  6.7
Maces & Flails | |  2.0

Action                   |  1- 3 |  4- 6 |  7- 9 | 10-12 || total
-------------------------+-------+-------+-------+-------++-------
Melee: Flail             |    91 |       |       |       ||    91
       Spear             |    33 |   116 |   270 |   531 ||   950
Throw: Dart              |       |     3 |       |       ||     3
Evoke: Wand              |       |       |       |     2 ||     2
  Use: Potion            |       |     2 |       |     2 ||     4
       Scroll            |       |       |       |    17 ||    17
 Stab: Distracted        |       |       |       |     2 ||     2
Armor: Scale mail        |    49 |    43 |       |       ||    92
       Chain mail        |       |       |   180 |   307 ||   487
Dodge: Dodged            |    44 |    66 |   182 |   352 ||   644
Block: Buckler           |    19 |    25 |    95 |   183 ||   322

Levels and vault maps discovered:
D:1:      saegor_arrival_simple_e, layout_loops_corners,
          ebering_ecumenical_altar_ruins
D:2:      layout_loops_corners, serial_shops, shop
D:3:      layout_basic
D:4:      layout_basic
D:5:      layout_loops_corners, serial_bayou_lake_a, uniq_duvessa, uniq_edmund,
          uniq_eustachio
D:6:      layout_gridville, serial_shops, nicolae_shop_window_shopping
D:7:      layout_rooms, minmay_temple_entry_antechambers, serial_glass,
          glass_columns_a, glass_columns_b, st_stairs_11, kennysheep_path_1
D:8:      layout_loops_ring, lair_entry_dummy, kennysheep_generic_room_8
D:9:      layout_long_grid, nicolae_kikubaaqudgha_miasma_corner,
          grunt_ministairs_7, nicolae_concentric_dashed_squares_wild,
          uniq_joseph
D:10:     layout_loops_corners, serial_shops, shop_statue
Temple:   kilobyte_greek_temple
Lair:1:   layout_cave_pods, serial_rivers, chequers_serial_rivers_room_b,
          chequers_serial_rivers_micro_a, chequers_serial_rivers_micro_b,
          chequers_serial_rivers_micro_a, chequers_serial_rivers_micro_b,
          chequers_serial_rivers_micro_e
Lair:2:   layout_cave_pods, grunt_forest_large_clearing_hut
Lair:3:   layout_roguey [special_room_bee], shoals_dummy_entry,
          dummy_snake_entry, grunt_megastairs_2, serial_bayou_shore_b,
          uniq_rupert, uniq_nergalle, uniq_urug

Notes
Turn   | Place    | Note
-------+----------+-------------------------------------------
     0 | D:1      | GrayStillPlays the Gargoyle Fighter began the quest for the
                  | Orb.
     0 | D:1      | Reached XP level 1. HP: 14/14 MP: 1/1
     0 | D:1      | magus.rc [v1.9.6]
   401 | D:1      | Reached XP level 2. HP: 18/19 MP: 2/2
   744 | D:1      | Found a faded altar of an unknown god.
  1390 | D:2      | Reached XP level 3. HP: 17/24 MP: 3/3
  1835 | D:2      | Identified the +8 spear "Duemosh" {vorpal, rF+ Will+++
                  | Int-2 Stlth+}
  1848 | D:2      | Found Upoat's General Store.
  1994 | D:2      | Reached skill level 4 in Fighting
  2408 | D:3      | Reached skill level 4 in Shields
  2423 | D:3      | Reached skill level 4 in Armour
  2535 | D:3      | Reached XP level 4. HP: 29/29 MP: 4/4
  2787 | D:3      | You pick up a book of Necromancy and begin reading...
  2787 | D:3      | You add the spells Pain, Animate Skeleton and Vampiric
                  | Draining to your library.
  2923 | D:4      | Reached XP level 5. HP: 23/34 MP: 5/5
  3841 | D:4      | Identified the +5 dagger of Muiduo {venom, Will++}
  3875 | D:4      | Reached XP level 6. HP: 40/40 MP: 6/6
  3885 | D:4      | Reached skill level 5 in Fighting
  4032 | D:4      | Reached skill level 5 in Armour
  4032 | D:4      | Reached skill level 5 in Shields
  4080 | D:4      | You pick up a book of Rime and begin reading...
  4080 | D:4      | You add the spells Frozen Ramparts, Ice Form and Summon Ice
                  | Beast to your library.
  4419 | D:5      | Entered Level 5 of the Dungeon
  4448 | D:5      | Noticed Edmund
  4464 | D:5      | Killed Edmund
  4465 | D:5      | Reached XP level 7. HP: 26/44 MP: 7/7
  4748 | D:5      | Noticed Eustachio
  4845 | D:5      | Killed Eustachio
  4846 | D:5      | Reached skill level 6 in Armour
  5111 | D:5      | Reached skill level 6 in Fighting
  5111 | D:5      | Reached skill level 6 in Shields
  5332 | D:5      | Reached XP level 8. HP: 43/52 MP: 8/8
  5487 | D:5      | Noticed Duvessa
  5488 | D:5      | Noticed Dowan
  5584 | D:5      | Killed Duvessa
  5699 | D:5      | Killed Dowan
  6090 | D:6      | Reached skill level 7 in Fighting
  6090 | D:6      | Reached skill level 7 in Armour
  6165 | D:6      | Found Pacaqog's Assorted Antiques.
  6204 | D:6      | Reached skill level 7 in Shields
  6982 | D:7      | Noticed a wyvern
  6997 | D:7      | Killed a wyvern
  7210 | D:6      | Reached XP level 9. HP: 59/59 MP: 9/9
  7243 | D:6      | Reached skill level 8 in Fighting
  7243 | D:6      | Reached skill level 8 in Armour
  7289 | D:6      | Reached skill level 8 in Shields
  7469 | D:7      | Found a staircase to the Ecumenical Temple.
  7478 | Temple   | Entered the Ecumenical Temple
  7535 | Temple   | Became a worshipper of Gozag Ym Sagoz the Greedy
  7766 | D:7      | You pick up a book of Changes and begin reading...
  7766 | D:7      | You add the spells Beastly Appendage, Wereblood and Spider
                  | Form to your library.
  8170 | D:8      | Reached skill level 9 in Fighting
  8170 | D:8      | Reached skill level 9 in Armour
  8170 | D:8      | Reached skill level 9 in Shields
  8177 | D:8      | You pick up a book of Annihilations and begin reading...
  8177 | D:8      | You add the spells Chain Lightning, Fire Storm and Shatter
                  | to your library.
  8388 | D:8      | Noticed a two-headed ogre
  8397 | D:8      | Killed a two-headed ogre
  8398 | D:8      | Reached XP level 10. HP: 41/67 MP: 10/10
  8753 | D:8      | Noticed a cyclops
  8771 | D:8      | Killed a cyclops
  8772 | D:8      | Reached skill level 10 in Fighting
  8772 | D:8      | Reached skill level 10 in Armour
  9385 | D:8      | Found a staircase to the Lair.
  9638 | D:9      | Reached skill level 1 in Dodging
 10095 | D:9      | Found an ancient bone altar of Kikubaaqudgha.
 10142 | D:9      | Reached skill level 1 in Earth Magic
 10144 | D:9      | HP: 14/68 [hornet (6)]
 10163 | D:9      | HP: 16/68 [hornet (8)]
 10173 | D:9      | Reached skill level 2 in Dodging
 10586 | D:9      | Noticed Joseph
 10616 | D:10     | Entered Level 10 of the Dungeon
 10833 | D:10     | Reached skill level 2 in Earth Magic
 11154 | D:10     | You add the spells Ozocubu's Armour and Ozocubu's
                  | Refrigeration to your library.
 11332 | D:10     | You pick up a book of Burglary and begin reading...
 11332 | D:10     | You add the spells Passwall, Ensorcelled Hibernation and
                  | Swiftness to your library.
 11407 | D:10     | Noticed a five-headed hydra
 11632 | D:10     | Killed a five-headed hydra
 11633 | D:10     | Reached skill level 3 in Dodging
 11633 | D:10     | Reached skill level 3 in Earth Magic
 11633 | D:10     | Reached XP level 11. HP: 55/73 MP: 11/11
 11794 | D:10     | Found Tuocwoj's Book Shoppe.
 11901 | D:9      | Killed Joseph
 12366 | Lair:1   | Entered Level 1 of the Lair of Beasts
 12582 | Lair:1   | Reached skill level 11 in Fighting
 12582 | Lair:1   | Reached skill level 11 in Armour
 12582 | Lair:1   | Reached skill level 4 in Earth Magic
 13584 | Lair:2   | Identified the +5 long sword of Bodily Harmony {drain, Fly
                  | rElec Str+6 Int-2}
 13790 | Lair:2   | Reached skill level 5 in Earth Magic
 14054 | Lair:2   | Noticed a four-headed hydra
 14065 | Lair:2   | Killed a four-headed hydra
 14066 | Lair:2   | Reached skill level 4 in Dodging
 15038 | Lair:3   | Noticed Nergalle
 15053 | Lair:3   | Reached skill level 6 in Earth Magic
 15164 | Lair:3   | Found a staircase to the Snake Pit.
 15189 | Lair:3   | Found a staircase to the Shoals.
 15192 | Lair:3   | Noticed Rupert
 15545 | Lair:3   | Reached XP level 12. HP: 48/81 MP: 12/12
 15568 | Lair:3   | Reached skill level 5 in Dodging
 15573 | Lair:3   | Reached skill level 12 in Fighting
 15573 | Lair:3   | Reached skill level 12 in Armour
 15618 | Lair:3   | Slain by Rupert

Vanquished Creatures
  2 hydras
  A two-headed ogre (D:8)
  A cyclops (D:8)
  Joseph (D:9)
  5 cane toads
  A rime drake (Lair:2)
  3 komodo dragons
  A troll (D:9)
  A hornet (D:9)
  4 blink frogs (Lair:3)
  A vampire (D:10)
  A spriggan (Lair:2)
  3 wyverns
  5 yaks (Lair:3)
  Eustachio (D:5)
  2 vampire mosquitoes (D:7)
  Edmund (D:5)
  5 water moccasins
  An acid dragon (D:9)
  Duvessa (D:5)
  4 orc warriors
  2 ice beasts
  2 sky beasts
  2 ogres
  A centaur (D:9)
  3 wolves (Lair:1)
  2 kobold brigands (D:9)
  A gnoll sergeant (D:4)
  11 bullfrogs
  A water moccasin zombie (D:5)
  2 scorpions
  Dowan (D:5)
  11 killer bees
  15 howler monkeys
  4 centaur zombies
  An orc priest (D:6)
  4 hounds
  A gnoll shaman (D:4)
  2 jellies
  An iguana (D:5)
  8 orc wizards
  2 killer bee zombies (D:7)
  3 adders
  12 gnolls
  An adder zombie (D:4)
  An adder skeleton (D:4)
  4 worms
  17 orcs
  6 bats
  10 endoplasms
  5 giant cockroaches
  2 goblins
  6 hobgoblins
  9 jackals
  16 kobolds
  A quokka (D:3)
  2 ball pythons
  6 frilled lizards
  11 rats
234 creatures vanquished.

Vanquished Creatures (others)
  3 fungi
  5 plants
8 creatures vanquished.

Grand Total: 242 creatures vanquished

Table legend:
 A = Non-vault XP
 B = Vault XP
 C = Vault XP percentage of total XP
 D = Non-vault monster count
 E = Vault monster count
 F = Vault count percentage of total count
                 A         B        C        D         E       F
            +---------+---------+-------+---------+---------+-------
      Total |   15217 |    3930 |  20.5 |     207 |      27 |  11.5
            +---------+---------+-------+---------+---------+-------
        D:1 |      30 |       0 |   0.0 |      20 |       0 |   0.0
        D:2 |      40 |       0 |   0.0 |      19 |       0 |   0.0
        D:3 |      32 |       0 |   0.0 |      17 |       0 |   0.0
        D:4 |     426 |       0 |   0.0 |      30 |       0 |   0.0
        D:5 |     518 |     578 |  52.7 |       8 |       4 |  33.3
        D:6 |    1213 |      83 |   6.4 |      17 |       2 |  10.5
        D:7 |     920 |     151 |  14.1 |      10 |       4 |  28.6
        D:8 |    2362 |       3 |   0.1 |      20 |       1 |   4.8
        D:9 |    1418 |     848 |  37.4 |      28 |       6 |  17.6
       D:10 |    1784 |       0 |   0.0 |      10 |       0 |   0.0
     Lair:1 |    2311 |       0 |   0.0 |      10 |       0 |   0.0
     Lair:2 |    1433 |    1603 |  52.8 |       7 |       4 |  36.4
     Lair:3 |    2730 |     664 |  19.6 |      11 |       6 |  35.3
            +---------+---------+-------+---------+---------+-------

Illustrated notes

Table legend:
 A = Kills in this place as a percentage of kills in entire the game.
 B = Kills by you in this place as a percentage of kills by you in the entire game.
 C = Kills by friends in this place as a percentage of kills by friends in the entire game.
 D = Other kills in this place as a percentage of other kills in the entire game.
 E = Experience gained in this place as a percentage of experience gained in the entire game.
 F = Experience gained in this place divided by the number of levels of this place that you have seen.
                   A       B       C       D       E      F
               +-------+-------+-------+-------+-------+----------------------
         Total | 100.0 | 100.0 |   N/A |   N/A | 100.0 | 1367.6
       Dungeon |  83.8 |  83.8 |   N/A |   N/A |  54.3 | 1040.6
          Lair |  16.2 |  16.2 |   N/A |   N/A |  45.7 | 2913.7
               +-------+-------+-------+-------+-------+----------------------

Table legend: (Time is in decaauts)
 A = Elapsed time spent in this place.
 B = Non-inter-level travel time spent in this place.
 C = Inter-level travel time spent in this place.
 D = Time resting spent in this place.
 E = Time spent auto-exploring this place.
 F = Levels seen in this place.
 G = Mean time per level.
                   A        B        C        D        E       F      G
               +--------+--------+--------+--------+--------+-----+--------+
         Total |  15815 |  14847 |    968 |   1167 |  10735 |  14 | 1129.6 |
       Dungeon |  12423 |  11623 |    800 |    853 |   8588 |  10 | 1242.3 |
        Temple |     97 |     51 |     46 |      0 |     35 |   1 |   97.0 |
          Lair |   3294 |   3172 |    122 |    314 |   2112 |   3 | 1098.0 |
               +--------+--------+--------+--------+--------+-----+--------+

Top non-repeatable levels by time:
     D:5: 1647 daAuts
     D:9: 1525 daAuts
     D:8: 1445 daAuts
     D:1: 1352 daAuts
     D:6: 1301 daAuts
    D:10: 1281 daAuts
  Lair:2: 1262 daAuts
  Lair:1: 1212 daAuts
     D:4: 1111 daAuts
     D:2: 1067 daAuts
     D:3: 957 daAuts
  Lair:3: 819 daAuts
     D:7: 732 daAuts
  Temple: 97 daAuts
